 Dungeon Crawl Stone Soup version 0.30-a0-279-g4b46babb21 (webtiles) character file.

Game seed: 11624422541218796225

11392 night the Markself (level 11, -5/100 HPs)
             Began as a Deep Elf Hunter on Oct 15, 2022.
             Was a Believer of Ashenzari.
             Engulfed by a fire crab's flame (8 damage)
             ... in a Gauntlet on Oct 16, 2022.
             The game lasted 00:27:54 (8901 turns).

night the Markself (Deep Elf Hunter)                Turns: 8901, Time: 00:27:55

Health: -5/100     AC: 18    Str:  8    XL:     11   Next: 48%
Magic:  0/13       EV: 20    Int: 21    God:    Ashenzari [**....]
Gold:   119        SH:  0    Dex: 22    Spells: 10/10 levels left

rFire   . . .      SeeInvis +    b - +10 zealot's sword {holy, *Rage rN+ EV+3}
rCold   + . .      Faith    .    (no shield)
rNeg    + . .      Spirit   +    S - +3 ring mail
rPois   .          Reflect  .    n - +1 helmet "Ensconced Ethics" {Elem, Comp} (curse)
rElec   .          Harm     .    A - +2 cloak "Share My Regret" {rC+, Fort, Range} (curse)
rCorr   .          Rampage  .    (no gloves)
Will    +....      Rage     20%  w - +0 pair of boots "Omission of Ashenzari" {Cun, Melee} (curse)
Stlth   .......... NoTele   +    H - amulet of guardian spirit
HPRegen 0.36/turn                z - +6 ring of intelligence
MPRegen 0.13/turn                R - ring of Cremastomancy {AC+4, Range, Alch} (curse)

@: berserking, very quick
A: no striking features
a: Renounce Religion, Curse Item, Shatter the Chains


You were in a Gauntlet.
You worshipped Ashenzari.
Ashenzari was pleased with you.
You visited 3 branches of the dungeon, and saw 12 of its levels.
You also visited: Gauntlet.

You collected 551 gold pieces.
You spent 432 gold pieces at shops.

Inventory:

Hand Weapons
 a - a +0 longbow
 b - the +10 zealot's sword (weapon) {holy, *Rage rN+ EV+3}
   (You acquired it in the Ecumenical Temple)

   It has been blessed by the Shining One to cause great damage to the undead
   and demons.
   Whenever the wielder enters a berserk rage, their allies are berserked
   alongside them.
   EV:        It affects your evasion (+3).
   rN:        It protects you from negative energy.
   *Rage:     It berserks you when you make melee attacks (+20% chance).
 m - a +0 dagger of venom
 K - a +3 scimitar
Missiles
 d - 6 boomerangs
 e - 98 stones
 s - 2 javelins
 T - 3 boomerangs of dispersal
 W - 4 curare-tipped darts
Armour
 n - the cursed +1 helmet "Ensconced Ethics" (worn) {Elem, Comp}
   (You took it off Robin on level 2 of the Dungeon)

   It has a curse which improves the following skills: Elements: Fire Magic, Ice
   Magic, Air Magic and Earth Magic.
   Companions: Summonings and Necromancy.
 w - the cursed +0 pair of boots "Omission of Ashenzari" (worn) {Cun, Melee}
   (You found it on level 3 of the Dungeon)

   It has a curse which improves the following skills: Cunning: Dodging and
   Stealth.
   Melee Combat: Short Blades, Long Blades, Axes, Maces & Flails, Polearms,
   Staves and Unarmed Combat.
 A - the cursed +2 cloak "Share My Regret" (worn) {rC+, Fort, Range}
   (You found it on level 5 of the Dungeon)

   rC:        It protects you from cold.
   It has a curse which improves the following skills: Fortitude: Armour and
   Shields.
   Ranged Combat: Ranged Weapons and Throwing.
 P - +0 swamp dragon scales
 S - a +3 ring mail (worn)
Jewellery
 z - a +6 ring of intelligence (left hand)
 D - a ring of ice
 E - a ring of willpower
 G - a ring of flight
 H - an amulet of guardian spirit (around neck)
 Q - a ring of poison resistance
 R - the cursed ring of Cremastomancy (right hand) {AC+4, Range, Alch}
   (You bought it in a shop on level 7 of the Dungeon)

   [ring of protection]

   AC:        It affects your AC (+4).
   It has a curse which improves the following skills: Ranged Combat: Ranged
   Weapons and Throwing.
   Alchemy:   Poison Magic and Transmutations.
Wands
 B - a wand of roots (6)
 F - a wand of digging (11)
 I - a wand of charming (33)
 J - a wand of polymorph (8)
Scrolls
 f - 2 scrolls of amnesia
 g - 8 scrolls of teleportation
 i - 2 scrolls of poison
 o - 3 scrolls of immolation
 t - 2 scrolls of enchant weapon
 y - 2 scrolls of magic mapping
 M - 2 scrolls of fog
 N - a scroll of fear
 O - a scroll of blinking
 V - a scroll of summoning
Potions
 h - 3 potions of brilliance
 j - a potion of ambrosia
 k - 5 potions of curing
 p - 4 potions of magic
 q - a potion of berserk rage
 v - 6 potions of attraction
 C - a potion of heal wounds
 L - 2 potions of lignification
 X - a potion of cancellation


   Skills:
 + Level 7.2 Fighting
 + Level 6.7(8.0) Long Blades
 * Level 16.0(17.8) Ranged Weapons
 + Level 10.3(11.6) Dodging
 - Level 1.2(2.0) Stealth


You had 10 spell levels left.
You didn't know any spells.
Your spell library contained the following spells:

 Spells                   Type           Power      Damage    Failure   Level
 Freeze                   Ice            0%         1d3       47%         1
 Sting                    Tmut/Pois      0%         1d3       47%         1
 Cigotuvi's Dreadful Rot  Necr/Pois/Air  0%         N/A       63%         2
 Poisonous Vapours        Pois/Air       0%         N/A       63%         2
 Frozen Ramparts          Ice            0%         1d1       85%         3
 Mephitic Cloud           Conj/Pois/Air  0%         N/A       85%         3
 Spider Form              Tmut/Pois      0%         N/A       85%         3
 Hailstorm                Conj/Ice       0%         3d3       86%         3
 Animate Dead             Necr           0%         N/A       99%         4
 Ice Form                 Ice/Tmut       0%         N/A       99%         4
 Summon Ice Beast         Ice/Summ       0%         N/A       99%         4
 Borgnjor's Vile Clutch   Necr/Erth      0%         N/A       100%        5
 Summon Mana Viper        Hex/Summ       0%         N/A       100%        5
 Death Channel            Necr           0%         N/A       100%        6
 Monstrous Menagerie      Summ           0%         N/A       100%        7


Dungeon Overview and Level Annotations

Branches:
Dungeon (10/15)            Temple (1/1) D:5            Lair (1/5) D:9
    Orc (0/2) D:10        Gauntlet (1/1)

Altars:
Ashenzari
Cheibriados
Dithmenos
Elyvilon
Fedhas
Gozag
Hepliaklqana
Kikubaaqudgha
Makhleb
Nemelex Xobeh
Okawaru
Qazlal
Ru
Sif Muna
Trog
Uskayaw
Vehumet
Wu Jian
Xom
Yredelemnul
Zin
The Shining One

Shops:
D:7 =

Annotations:
Gauntlet 10 transporters, exclusion: orange crystal statue


Message History

You are engulfed in blazing flames.
The fire crab bites you but does no damage.
The fire crab claws you!
You are engulfed in flames!
You closely miss the fire bat.
The fire bat is moderately wounded.
You are engulfed in blazing flames.
The fire bat bites you but does no damage.
The fire crab bites you!
You are engulfed in flames!
* * * LOW HITPOINT WARNING * * *
The fire crab claws you but does no damage.
You are too injured to fight recklessly!
A red film seems to cover your vision as you go berserk!
You feel yourself moving faster!
You feel mighty!
You slash the fire crab!
The fire crab is lightly wounded.
The fire bat misses you.
You slash the fire crab!
The fire crab is moderately wounded.
The fire bat closely misses you. The fire crab breathes flames at you.
The blast of flame engulfs you!
* * * LOW HITPOINT WARNING * * *
You slash the fire crab!
The fire crab is heavily wounded.
You are engulfed in blazing flames.
* * * LOW HITPOINT WARNING * * *
The plant is engulfed in blazing flames.
The plant begins to die.
The fire bat closely misses you.
You are too berserk!
You are too berserk!
You are too berserk!
Okay, then.
You are too berserk!
You are too berserk!
Okay, then.
You are too berserk!
Unknown command.
You slash the fire crab!
The fire crab is almost dead.
You are engulfed in blazing flames.
You die...

≈#§#§#≈#≈#§#≈#≈#§#§#§#§##
.....§...§..............##
........................≈#
#########..###########..##
##...h###..#.........#..≈#
#...#.###..#.........#..##
##.##...#..#$.#P..#..#..≈#
###...######...°°°...#..##
...##.###©©#©..°@t...#©.§#
##.##...####?..P°°...#..##
##..©..##..#..#.b.#..#.§≈#
#..##.###..#.........#.§##
##D##..h#..#.........#..§#
#########..###########..##
......................∩.§#
.................§§.....##
#####..#########..≈#≈#≈##


You could see a fire crab and a fire bat.

Vanquished Creatures
  2 centaur warriors (D:9)
  3 two-headed ogres
  Sonja (D:10)
  A komodo dragon (D:9)
  Maggie (D:7)
  A troll (D:9)
  2 hornets
  Sigmund (D:4)
  6 yaks
  A fire bat (Gauntlet)
  3 wyverns
  A steam dragon (D:7)
  Menkaure (D:6)
  Edmund (D:6)
  3 water moccasins
  9 orc warriors
  3 sky beasts
  An ogre (D:7)
  3 black bears
  3 ice beasts
  6 wolves (Lair:1)
  2 centaurs
  A phantom (D:4)
  Blork the orc (D:4)
  A necrophage (D:7)
  6 bullfrogs
  2 scorpions
  3 wights (D:8)
  5 killer bees (D:9)
  2 howler monkeys
  A crimson imp (D:10)
  A gnoll bouda (D:9)
  5 jellies
  4 orc priests
  3 iguanas
  11 orc wizards
  Robin (D:2)
  8 adders
  3 gnolls (D:9)
  A shadow imp (D:7)
  2 white imps
  2 ufetubi (D:5)
  4 dart slugs
  45 orcs
  4 ball pythons
  7 endoplasms
  A giant cockroach (D:2)
  10 goblins
  13 hobgoblins
  4 jackals (D:5)
  10 kobolds
  3 quokkas
  9 bats
  6 frilled lizards
  4 rats
238 creatures vanquished.

Vanquished Creatures (others)
  A centaur (D:9)
  10 fungi
  30 plants
  4 withered plants (Gauntlet)
45 creatures vanquished.

Grand Total: 283 creatures vanquished

Notes
Turn   | Place    | Note
-------+----------+-------------------------------------------
     0 | D:1      | night the Deep Elf Hunter began the quest for the Orb.
     0 | D:1      | Reached XP level 1. HP: 12/12 MP: 3/3
   182 | D:1      | Reached XP level 2. HP: 17/17 MP: 4/4
   197 | D:1      | Got the Dissertation on Intoxication
   508 | D:1      | Found a faded altar of an unknown god.
   757 | D:2      | Reached skill level 2 in Fighting
   757 | D:2      | Reached skill level 6 in Ranged Weapons
   761 | D:2      | Reached XP level 3. HP: 21/21 MP: 5/5
   781 | D:2      | Noticed Robin
   804 | D:2      | Killed Robin
   949 | D:2      | Reached XP level 4. HP: 26/26 MP: 6/6
  1708 | D:3      | Noticed a scorpion
  1713 | D:3      | Killed a scorpion
  1714 | D:3      | Reached skill level 7 in Ranged Weapons
  1714 | D:3      | Reached XP level 5. HP: 31/31 MP: 7/7
  1874 | D:3      | Found a hide-covered altar of Uskayaw.
  2047 | D:4      | Noticed Sigmund
  2129 | D:4      | Killed Sigmund
  2130 | D:4      | Reached skill level 8 in Ranged Weapons
  2130 | D:4      | Reached XP level 6. HP: 31/37 MP: 8/8
  2213 | D:4      | Noticed Blork the orc
  2223 | D:4      | Killed Blork the orc
  2391 | D:4      | Reached skill level 5 in Dodging
  2391 | D:4      | Reached XP level 7. HP: 41/41 MP: 9/9
  2579 | D:4      | Reached skill level 9 in Ranged Weapons
  2736 | D:5      | Entered Level 5 of the Dungeon
  2753 | D:5      | Found a staircase to the Ecumenical Temple.
  2757 | D:5      | Upgraded the game from 0.30-a0-272-gf98c3da03f to
                  | 0.30-a0-279-g4b46babb21
  2771 | Temple   | Entered the Ecumenical Temple
  2812 | Temple   | Identified a scroll of acquirement
  2812 | Temple   | Acquired the +10 zealot's sword {holy, *Rage rN+ EV+3}
  2812 | Temple   | Found the +10 zealot's sword {holy, *Rage rN+ EV+3}
  2837 | Temple   | Became a worshipper of Ashenzari the Shackled
  2935 | D:5      | Identified the +2 cloak of the Lizard {rC+}
  2982 | D:5      | Found a runed translucent door.
  3018 | D:5      | Reached skill level 1 in Long Blades
  3285 | D:5      | Reached skill level 10 in Ranged Weapons
  3285 | D:5      | Reached XP level 8. HP: 48/48 MP: 10/10
  3596 | D:6      | Noticed Menkaure
  3599 | D:6      | Reached skill level 2 in Long Blades
  3602 | D:6      | Killed Menkaure
  3714 | D:6      | Noticed Edmund
  3729 | D:6      | Killed Edmund
  3873 | D:6      | Reached skill level 11 in Ranged Weapons
  4242 | D:6      | Found a sacrificial altar of Ru.
  4357 | D:6      | Reached XP level 9. HP: 53/53 MP: 11/11
  4382 | D:6      | Found a blossoming altar of Fedhas.
  4578 | D:7      | Reached skill level 5 in Fighting
  4581 | D:7      | Reached skill level 12 in Ranged Weapons
  4828 | D:7      | Reached * piety under Ashenzari
  4974 | D:7      | Found Lofetaaf's Jewellery Emporium.
  4998 | D:7      | Noticed Maggie
  5007 | D:7      | Killed Maggie
  5865 | D:8      | Reached skill level 13 in Ranged Weapons
  5943 | D:8      | Reached ** piety under Ashenzari
  6203 | D:9      | Found an opulent altar of Gozag.
  6359 | D:9      | Noticed a two-headed ogre
  6375 | D:9      | Killed a two-headed ogre
  6376 | D:9      | Reached XP level 10. HP: 45/60 MP: 8/12
  6474 | D:9      | Reached skill level 5 in Long Blades
  6564 | D:9      | Found a staircase to the Lair.
  6851 | D:9      | Reached skill level 14 in Ranged Weapons
  6851 | D:9      | Noticed a two-headed ogre
  6859 | D:9      | Killed a two-headed ogre
  6880 | D:9      | Noticed a centaur warrior
  6888 | D:9      | Killed a centaur warrior
  6895 | D:9      | Noticed a centaur warrior
  6910 | D:9      | Killed a centaur warrior
  6911 | D:9      | Reached skill level 15 in Ranged Weapons
  7093 | D:7      | Bought a +4 ring of protection for 432 gold pieces
  7356 | D:9      | Reached XP level 11. HP: 51/66 MP: 11/13
  7550 | D:10     | Entered Level 10 of the Dungeon
  7664 | D:10     | Found a shadowy altar of Dithmenos.
  7665 | D:10     | Found a snail-covered altar of Cheibriados.
  7665 | D:10     | Found a bloodstained altar of Trog.
  7729 | D:10     | Found a shimmering altar of Xom.
  7730 | D:10     | Found a burning altar of Makhleb.
  7855 | D:10     | Found a staircase to the Orcish Mines.
  8258 | D:10     | Noticed Sonja
  8263 | D:10     | Killed Sonja
  8264 | D:10     | Reached skill level 10 in Dodging
  8376 | D:10     | Noticed a two-headed ogre
  8383 | D:10     | Killed a two-headed ogre
  8632 | Lair:1   | Entered Level 1 of the Lair of Beasts
  8674 | Lair:1   | Reached skill level 16 in Ranged Weapons
  8706 | Lair:1   | Found a gate leading to a gauntlet.
  8725 | Gauntlet | Entered a Gauntlet
  8725 | Gauntlet | Noticed a fire crab
  8725 | Gauntlet | Found a transporter.
  8725 | Gauntlet | Found a transporter.
  8725 | Gauntlet | Found a transporter.
  8735 | Gauntlet | Found a transporter.
  8738 | Gauntlet | Found a transporter.
  8749 | Gauntlet | Found a transporter.
  8749 | Gauntlet | Found a transporter.
  8757 | Gauntlet | Found a transporter.
  8757 | Gauntlet | Identified the +7 trident "Zafac" {venom, rF+}
  8757 | Gauntlet | Identified the ring of Mutij {rElec rPois rF++ rC+ Int-3}
  8775 | Gauntlet | Found a transporter.
  8775 | Gauntlet | Noticed an orange crystal statue
  8776 | Gauntlet | Identified the +0 cloak of the Wasteland {+Inv rF+ rC+
                  | SInv}
  8792 | Gauntlet | Found a transporter.
  8795 | Gauntlet | Found a transporter.
  8805 | Gauntlet | Found a transporter.
  8899 | Gauntlet | HP: 11/100 [fire crab/blast of flame (8)]
  8900 | Gauntlet | HP: 3/100 [fire crab] (8)]
  8901 | Gauntlet | Engulfed by a fire crab's flame

Illustrated notes

Levels and vault maps discovered:
D:1:      lemuel_arrival_tunnels, layout_basic,
          ebering_ecumenical_altar_petrified
D:2:      layout_loops_ring, st_stairs_7, minmay_pentomino_u4, uniq_robin
D:3:      layout_basic, lemuel_doored_altar
D:4:      minmay_angry_zag, layout_rooms, serial_bayou_lagoon_b,
          uniq_blork_the_orc, uniq_sigmund
D:5:      layout_gridville, temple_green, lightli_church_of_beogh
D:6:      layout_loops_ring, marbit_many_paths, nicolae_ru_awakened_eye,
          chequers_serial_rivers_room_a, uniq_edmund, uniq_menkaure
D:7:      layout_loops_ring, serial_shops, shop, kennysheep_generic_room_10,
          uniq_maggie
D:8:      layout_basic
D:9:      layout_loops_corners, grunt_gozag_statues,
          grunt_lair_entry_orc_guard_hut, minmay_bent
D:10:     layout_cave_pods, grunt_temple_overflow_champion_of_chaos,
          chequers_temple_overflow_statue_of_worship, david_orc_2, uniq_sonja
Temple:   nicolae_temple_ecumenical_triangle
Lair:1:   layout_regular_city, gauntlet_entry_generic, beast_lair_carwin_2
Gauntlet: minmay_gauntlet_mixed_big_or_small [gammafunk_gauntlet_arena_hedges,
          minmay_gauntlet_arena_77_braids, gammafunk_gauntlet_arena_crates,
          minmay_gauntlet_arena_77_chump_sandwich, nicolae_gauntlet_arena_x,
          minmay_gauntlet_arena_77_museum, gauntlet_exit_green]

Skill      XL: |  1  2  3  4  5  6  7  8  9 10 11 |
---------------+----------------------------------+-----
Fighting       | 2 3 4 5 6 7 |  7.2
Ranged Weapons | 6 7 8 10 11 13 15 16 | 16.0
Dodging        | 3 4 5 7 8 9 10 | 10.3
Long Blades    | 1 3 4 6 |  6.7
Stealth        | |  1.2

Action                   |  1- 3 |  4- 6 |  7- 9 | 10-12 || total
-------------------------+-------+-------+-------+-------++-------
Melee: Dagger            |     6 |       |       |       ||     6
       Eudemon blade     |       |       |   165 |   155 ||   320
       Punch             |       |       |     2 |     2 ||     4
 Fire: Shortbow          |    85 |   127 |    32 |    57 ||   301
       Longbow           |       |       |       |    21 ||    21
Throw: Boomerang         |       |       |     1 |       ||     1
Invok: Curse Item        |       |       |     3 |     1 ||     4
Evoke: Wand              |       |       |     2 |     3 ||     5
  Use: Scroll            |       |       |     8 |     1 ||     9
       Potion            |       |       |       |     1 ||     1
 Stab: Sleeping          |       |       |     3 |     2 ||     5
Armor: Leather armour    |     7 |    11 |    35 |     8 ||    61
       Swamp dragon scal |       |       |       |    33 ||    33
       Ring mail         |       |       |       |    28 ||    28
Dodge: Dodged            |    14 |    27 |   123 |   206 ||   370

Table legend: (Time is in decaauts)
 A = Elapsed time spent in this place.
 B = Non-inter-level travel time spent in this place.
 C = Inter-level travel time spent in this place.
 D = Time resting spent in this place.
 E = Time spent auto-exploring this place.
 F = Levels seen in this place.
 G = Mean time per level.
                   A        B        C        D        E       F      G
               +--------+--------+--------+--------+--------+-----+--------+
         Total |   9173 |   8425 |    748 |    444 |   6361 |  13 |  705.6 |
       Dungeon |   8818 |   8070 |    748 |    444 |   6235 |  10 |  881.8 |
        Temple |     87 |     87 |      0 |      0 |      0 |   1 |   87.0 |
          Lair |     93 |     93 |      0 |      0 |      0 |   1 |   93.0 |
      Gauntlet |    173 |    173 |      0 |      0 |    126 |   1 |  173.0 |
               +--------+--------+--------+--------+--------+-----+--------+

Top non-repeatable levels by time:
     D:9: 1398 daAuts
     D:7: 1111 daAuts
    D:10: 1025 daAuts
     D:6: 950 daAuts
     D:2: 839 daAuts
     D:5: 809 daAuts
     D:8: 726 daAuts
     D:1: 660 daAuts
     D:4: 653 daAuts
     D:3: 642 daAuts
Gauntlet: 173 daAuts
  Lair:1: 93 daAuts
  Temple: 87 daAuts
